 Dungeon Crawl Stone Soup version 0.26-a0-712-ga5a9c9c9d0 (webtiles) character file.

Game seed: 15529210485627693934

46 OTABOTABOTAB the Skirmisher (level 3, -2/20 HPs)
             Began as a Vine Stalker Fighter on Nov 1, 2020.
             Slain by a gnoll
             ... wielding a +2 vampiric spear
              (3 damage)
             ... on level 2 of the Dungeon.
             The game lasted 00:01:01 (1521 turns).

OTABOTABOTAB the Skirmisher (Vine Stalker Fighter)  Turns: 1521, Time: 00:01:02

Health: -2/20      AC:  6    Str: 19    XL:     3   Next: 66%
Magic:  0/4        EV:  7    Int:  8    God:
Gold:   103        SH:  9    Dex: 13    Spells: 2/2 levels left

rFire    . . .     SeeInvis .   a - +0 rapier
rCold    . . .     Faith    .   c - +0 kite shield
rNeg     . . .     Spirit   +   b - +0 scale mail
rPois    .         Reflect  .   (no helmet)
rElec    .         Harm     .   (no cloak)
rCorr    .         Rampage  .   (no gloves)
MR       .....                  (no boots)
Stlth    ..........             (no amulet)
HPRegen  0.06/turn              (no ring)
MPRegen  0.09/turn              (no ring)

@: no status effects
A: fangs 2, magic shield, antimagic bite, no potion heal 3, rot immunity
a: no special abilities


You were on level 2 of the Dungeon.
You visited 1 branch of the dungeon, and saw 2 of its levels.

You collected 103 gold pieces.

Inventory:

Hand Weapons
 a - a +0 rapier (weapon)
Armour
 b - a +0 scale mail (worn)
 c - a +0 kite shield (worn)
Scrolls
 e - 2 scrolls of identify {unknown}
 g - 3 scrolls of remove curse {unknown}
 i - 2 scrolls of teleportation {unknown}
Potions
 d - a potion of might
 f - 2 potions of heal wounds {unknown}
 h - a potion of stabbing {unknown}
 j - a potion of lignification {unknown}


   Skills:
 + Level 3.0 Fighting
 * Level 2.5 Short Blades
 + Level 2.7 Armour
 + Level 3.0 Shields


You had 2 spell levels left.
You didn't know any spells.
Your spell library was empty.

Dungeon Overview and Level Annotations

Branches:
Dungeon (2/15)

Altars:


Innate Abilities, Weirdness & Mutations

You have extremely sharp teeth.
When hurt, damage is shared between your health and your magic reserves.
Your bite disrupts and absorbs the magic of your enemies.
Potions cannot restore your health.
You are immune to rotting.


Message History

You kill the adder!
Your Fighting skill increases to level 3!
You feel sick.
You take 1 damage, and have 9/20 hp.
You hit the rat but do no damage. You bite the rat.
You kill the rat!
Things that are here:
a +0 club; an adder corpse; a hobgoblin corpse You feel sick.
Things that are here:
a +0 club; an adder corpse; a hobgoblin corpse You take 1 damage, and have 8/20 hp.
You start resting.
You feel sick. x2
You are no longer poisoned.
You take 1 damage, and have 7/20 hp.
MP restored: 4 Unknown command.
Unknown command.
A frilled lizard comes into view.
The frilled lizard hisses angrily.
You hear a shout!
A frilled lizard is nearby!
A frilled lizard is nearby!
Health restored: 20 A frilled lizard is nearby!
A kobold comes into view. It is wielding a +0 dagger.
The kobold shouts!
The frilled lizard bites you.
You take 2 damage, and have 18/20 hp.
You puncture the frilled lizard!
You kill the frilled lizard!
The kobold throws a stone.
The stone hits you but does no damage. You block the kobold's attack.
You hit the kobold.
You kill the kobold!
Your Shields skill increases to level 3!
No target in view!
No target in view!
Things that are here:
a +0 dagger; 4 stones; Health restored: 20 No target in view!
A gnoll comes into view. It is wielding a +0 club.
The gnoll shouts!
You hear a shout!
A gnoll comes into view. It is wielding a +0 club.
A gnoll comes into view.
The gnoll shouts!
There are monsters nearby!
There are monsters nearby!
You block the gnoll's attack.
Your shield and scale mail prevent you from hitting the gnoll.
You bite the gnoll. You drain its power.
A gnoll comes into view. It is wielding a +2 vampiric spear.
The gnoll hits you with a +0 club!
You take 7 damage, and have 13/20 hp.
MASSIVE DAMAGE!!
You now have 3/4 mp.
You closely miss the gnoll. Your bite misses the gnoll.
You block the gnoll's attack. The gnoll hits you with a +0 club.
You take 1 damage, and have 12/20 hp.
You now have 2/4 mp.
You are too injured to fight recklessly!
You are too injured to fight recklessly!
Unknown command.
You are too injured to fight recklessly!
You are too injured to fight recklessly!
You closely miss the gnoll. You block the gnoll's attack.
You hit the gnoll but do no damage. Your bite misses the gnoll.
The gnoll barely misses you.
You closely miss the gnoll. Your bite misses the gnoll.
The gnoll hits you but does no damage.
You puncture the gnoll! The gnoll hits you but does no damage.
You hit the gnoll. The gnoll hits you but does no damage.
You hit the gnoll.
You kill the gnoll!
You hit the gnoll. You bite the gnoll, but do no damage.
You block the gnoll's attack.
The gnoll hits you from afar with a +2 vampiric spear.
You take 2 damage, and have 11/20 hp.
You hit the gnoll. You bite the gnoll. You drain its power.
You feel invigorated. The gnoll hits you with a +0 club.
The gnoll closely misses you.
You take 3 damage, and have 8/20 hp.
You closely miss the gnoll. Your bite misses the gnoll.
You block the gnoll's attack. x2
You closely miss the gnoll. The gnoll hits you with a +0 club.
* * * LOW HITPOINT WARNING * * *
You block the gnoll's attack.
You take 2 damage, and have 6/20 hp.
You now have 2/4 mp.
You hit the gnoll. You bite the gnoll. You drain its power.
You feel invigorated. The gnoll hits you but does no damage.
The gnoll hits you with a +0 club.
* * * LOW HITPOINT WARNING * * *
You take 1 damage, and have 5/20 hp.
You hit the gnoll but do no damage. Your bite misses the gnoll.
You block the gnoll's attack. x2
You barely miss the gnoll. You bite the gnoll, but do no damage.
The gnoll hits you from afar with a +2 vampiric spear.
* * * LOW HITPOINT WARNING * * *
The gnoll hits you but does no damage.
The gnoll hits you from afar with a +2 vampiric spear.
You die...

# .#♣≈ ##### ...P≈
###...######...#≈≈
#...#...@ggg.....≈ ####
##..#..#######.#### ....
#..###.## ###.. #.## ##.#
##+## # .... #..###.##
##...## #.##.. ###.#.##
##.....## #.##.. ##.##
##.......###)....
######...####.........####...
.......)....+.........+......


You could see 3 gnolls.

Vanquished Creatures
  An adder (D:2)
  A gnoll (D:2)
  A worm (D:2)
  A leopard gecko (D:1)
  3 bats
  A giant cockroach (D:1)
  2 goblins
  4 hobgoblins
  A frilled lizard (D:2)
  6 kobolds
  2 rats
23 creatures vanquished.

Vanquished Creatures (others)
  3 plants (D:2)
3 creatures vanquished.

Grand Total: 26 creatures vanquished

Notes
Turn   | Place    | Note
-------+----------+-------------------------------------------
     0 | D:1      | OTABOTABOTAB the Vine Stalker Fighter began the quest for
                  | the Orb.
     0 | D:1      | Reached XP level 1. HP: 11/11 MP: 2/2
   224 | D:1      | Reached skill level 2 in Short Blades
   312 | D:1      | Reached XP level 2. HP: 16/16 MP: 3/3
   886 | D:2      | HP: 2/16 [worm (6)]
   946 | D:2      | HP: 4/16 [worm (1)]
  1217 | D:2      | Reached XP level 3. HP: 19/19 MP: 4/4
  1224 | D:2      | Reached skill level 3 in Fighting
  1462 | D:2      | Reached skill level 3 in Shields
  1519 | D:2      | HP: 5/20 [gnoll/+0 club (1)]
  1521 | D:2      | HP: 1/20 [gnoll/+2 vampiric spear (4)]
  1521 | D:2      | Slain by a gnoll

Illustrated notes

Levels and vault maps discovered:
D:1:      minmay_arrival_four_loops, layout_loops_ring, serial_bayou_pond_c
D:2:      layout_loops_corners, serial_bayou, serial_bayou_pond_e,
          serial_bayou_pond_d, serial_bayou_pond_a, serial_bayou_shore_b

Skill      XL: |  1  2  3 |
---------------+----------+-----
Short Blades   | 2 |  2.5
Fighting       | 3 |  3.0
Shields        | 3 |  3.0
Armour         | |  2.7

Action                   || total
-------------------------++-------
Melee: Rapier            ||    78
       Bite              ||    20
Armor: Scale mail        ||    19
Dodge: Dodged            ||    21
Block: Kite shield       ||    34

Table legend: (Time is in decaauts)
 A = Elapsed time spent in this place.
 B = Non-inter-level travel time spent in this place.
 C = Inter-level travel time spent in this place.
 D = Time resting spent in this place.
 E = Time spent auto-exploring this place.
 F = Levels seen in this place.
 G = Mean time per level.
                   A        B        C        D        E       F      G
               +--------+--------+--------+--------+--------+-----+--------+
         Total |   1539 |   1498 |     41 |    261 |   1018 |   2 |  769.5 |
       Dungeon |   1539 |   1498 |     41 |    261 |   1018 |   2 |  769.5 |
               +--------+--------+--------+--------+--------+-----+--------+

Top non-repeatable levels by time:
     D:2: 873 daAuts
     D:1: 666 daAuts

Table legend:
 A = Kills in this place as a percentage of kills in entire the game.
 B = Kills by you in this place as a percentage of kills by you in the entire game.
 C = Kills by friends in this place as a percentage of kills by friends in the entire game.
 D = Other kills in this place as a percentage of other kills in the entire game.
 E = Experience gained in this place as a percentage of experience gained in the entire game.
 F = Experience gained in this place divided by the number of levels of this place that you have seen.
                   A       B       C       D       E      F
               +-------+-------+-------+-------+-------+----------------------
         Total | 100.0 | 100.0 |   N/A |   N/A | 100.0 |  33.0
       Dungeon | 100.0 | 100.0 |   N/A |   N/A | 100.0 |  33.0
               +-------+-------+-------+-------+-------+----------------------
